 Dungeon Crawl Stone Soup version 0.28.0 (webtiles) character file.

Game seed: 1923884163909219763

67 Morbidden the Sneak (level 3, -1/27 HPs)
             Began as a Demonspawn Brigand on Feb 8, 2022.
             Succumbed to an adder's poison
             ... on level 2 of the Dungeon.
             The game lasted 00:04:05 (2669 turns).

Morbidden the Sneak (Demonspawn Brigand)            Turns: 2669, Time: 00:04:06

Health: -1/27      AC:  8    Str: 13    XL:     3   Next: 98%
Magic:  4/4        EV: 10    Int: 18    God:
Gold:   70         SH:  0    Dex: 14    Spells: 4/4 levels left

rFire   . . .      SeeInvis .   a - +2 dagger
rCold   . . .      Faith    .   (no shield)
rNeg    . . .      Spirit   .   b - +0 scale mail
rPois   .          Reflect  .   j - +1 hat
rElec   .          Harm     .   c - +0 cloak
rCorr   .          Rampage  .   (no gloves)
Will    .....                   (no boots)
Stlth   ++........              (no amulet)
HPRegen 0.09/turn               l - +6 ring of intelligence
MPRegen 0.09/turn               (no ring)

@: lethally poisoned (-1 -> -8)
A: sturdy frame 1
a: no special abilities


You were on level 2 of the Dungeon.
You visited 1 branch of the dungeon, and saw 2 of its levels.

You collected 70 gold pieces.

Inventory:

Hand Weapons
 a - a +2 dagger (weapon)
Missiles
 d - a poisoned dart (quivered)
 e - a curare-tipped dart
Armour
 b - a +0 scale mail (worn)
 c - a +0 cloak (worn)
 j - a +1 hat (worn)
Magical Staves
 f - a staff of poison
Jewellery
 l - a +6 ring of intelligence (left hand)
 n - the ring of Perfectionism {Ice rCorr Int+4 Stlth-}
   (You found it on level 2 of the Dungeon)

   [ring of ice]

   It enhances your ice magic.
   Int:       It affects your intelligence (+4).
   rF:        It makes you vulnerable to fire.
   rC:        It protects you from cold.
   rCorr:     It protects you from acid and corrosion.
   Stlth:     It makes you less stealthy.
Wands
 m - a wand of charming (9)
Scrolls
 g - a scroll of teleportation {unknown}
 h - a scroll of identify
 i - a scroll of magic mapping
 k - a scroll of torment {unknown}
 o - a scroll of enchant weapon {unknown}


   Skills:
 * Level 2.2 Fighting
 * Level 2.3 Short Blades
 + Level 1.8 Throwing
 * Level 0.8 Armour
 * Level 1.1 Dodging
 + Level 4.2 Stealth
 * Level 1.2 Spellcasting


You had 4 spell levels left.
You didn't know any spells.
Your spell library was empty.

Dungeon Overview and Level Annotations

Branches:
Dungeon (2/15)

Altars:
Ashenzari


Innate Abilities, Weirdness & Mutations

Your movements are slightly less encumbered by armour. (ER -2)


Message History

Aim: an adder (lightly wounded, poisoned, 40% to hit)
You throw a poisoned dart.
The poisoned dart closely misses the adder.
The poisoned dart closely misses the orc.
The adder bites you.
You are poisoned.
The adder poisons you!
You hit the adder.
The adder is heavily wounded.
You feel sick. The adder closely misses you.
Unknown command.
You closely miss the adder.
The adder is heavily wounded.
You feel sick. The adder bites you.
You are more poisoned.
The adder poisons you! The adder bites you.
You are more poisoned.
The adder poisons you!
You hit the adder but do no damage.
The adder is severely wounded.
You feel very sick. The adder bites you.
You are more poisoned.
The adder poisons you!
Unknown command.
You closely miss the adder.
The adder is severely wounded.
* * * LOW HITPOINT WARNING * * *
You feel very sick. The adder bites you but does no damage.
Unknown command.
You aren't carrying any potions.
Unknown command.
Unknown command.
* * * LOW HITPOINT WARNING * * *
You feel very sick.
The adder looks more healthy.
* * * LOW HITPOINT WARNING * * *
You feel sick.
You die...

#......# .#....
#......# .'.... ######
###.._...#### #'#....
...... ............
....... ######
..........# .......
......
..........#######.....#
######
..........#..?........#
#... ..........# .##@#
#.## ##........###.#..#
... #.###.......##S##.#
#o#.
#.###.(.....o.....#
#o#.
#...........##.##.#
#o##
###.........##.#.....
#.#. #...########'#.#
.# #####.#.## #...#
#.......##.# ..........
#...# #..........
....#.#.#o


You could see an adder.

Vanquished Creatures
  An adder (D:2)
  2 dart slugs (D:1)
  3 orcs
  3 endoplasms (D:2)
  6 giant cockroaches
  4 goblins (D:1)
  4 hobgoblins
  A jackal (D:1)
  4 quokkas (D:1)
  5 ball pythons
  3 bats
  4 frilled lizards
  4 kobolds
  2 rats
46 creatures vanquished.

Notes
Turn   | Place    | Note
-------+----------+-------------------------------------------
     0 | D:1      | Morbidden the Demonspawn Brigand began the quest for the
                  | Orb.
     0 | D:1      | Reached XP level 1. HP: 16/16 MP: 1/1
   234 | D:1      | Reached skill level 4 in Stealth
   249 | D:1      | Gained mutation: Your movements are slightly less
                  | encumbered by armour. (ER -2) [demonic ancestry]
   249 | D:1      | Reached XP level 2. HP: 4/22 MP: 2/2
   932 | D:1      | Reached skill level 1 in Dodging
  1071 | D:1      | Reached XP level 3. HP: 27/27 MP: 4/4
  1188 | D:1      | Reached skill level 1 in Spellcasting
  2147 | D:2      | Identified the ring of Perfectionism {Ice rCorr Int+4
                  | Stlth-}
  2219 | D:2      | Found a faded altar of an unknown god.
  2646 | D:2      | Found a broken altar of Ashenzari.
  2668 | D:2      | HP: 1/27 [poisoned by an adder]
  2669 | D:2      | Succumbed to an adder's poison

Illustrated notes

Levels and vault maps discovered:
D:1:      saegor_arrival_simple_a, layout_basic, minmay_split_cup_large
D:2:      layout_basic, basic_altar, shapermc_ecumenical_altar_totnotflames

Skill      XL: |  1  2  3 |
---------------+----------+-----
Stealth        | 4 |  4.2
Short Blades   | 2 |  2.3
Dodging        | 1 |  1.1
Spellcasting   | 1 |  1.2
Fighting       | |  2.2
Throwing       | |  1.8
Armour         | |  0.8

Action                   || total
-------------------------++-------
Melee: Dagger            ||   155
       Punch             ||     2
Throw: Dart              ||    28
  Use: Potion            ||     1
       Scroll            ||     1
 Stab: Sleeping          ||     8
Armor: Robe              ||    11
       Leather armour    ||    17
       Scale mail        ||    17
Dodge: Dodged            ||    77
